[Event "Wednesday Jan 31 Engine Tour 9 Rd Swiss 12m+1s Starts at 1600hrs ST"]
[Site "Infinity Chess"]
[Date "2018.1.31"]
[Round "9"]
[White "Eman"]
[Black "Ryzen"]
[Result "1/2-1/2"]
[ECO "B01"]
[WhiteElo "2482"]
[BlackElo "2388"]
[WhiteEngine "Eman 1.69 64-bit POPCNT"]
[BlackEngine "Houdini 6"]
[EventType "Swiss"]
[WhiteTeam ""]
[BlackTeam ""]
[PlyCount "163"]
[TimeControl "720+1"]

1. e4 d5 2. exd5 Qxd5 3. Nc3 Qd8 4. d4 Nf6 5. Nf3 a6 6. Ne5 Be6 7. Bf4 c6 
8. Be2 g6 9. O-O Bg7 10. Re1 O-O 11. Qd2 Nbd7 12. Rad1 Nxe5 13. Bxe5 b5 
14. Bf3 Rc8 15. a4 Qd7 16. a5 Bd5 17. Be2 e6 18. h4 h5 19. Qg5 Qd8 20. Bd3 Re8 
21. Qg3 Re7 22. b4 Rd7 23. Qg5 Ne8 24. Bxg7 Kxg7 25. Qxd8 Rcxd8 26. Ne2 Re7 
27. Nf4 Nf6 28. c3 Bb3 29. Rb1 Bd5 30. f3 Nd7 31. Rbc1 Bb3 32. Bc2 Bc4 
33. Kf2 e5 34. Rcd1 Rde8 35. dxe5 Nxe5 36. Be4 Kg8 37. Kg3 Kf8 38. Rd6 Rc7 
39. Red1 Bb3 40. Rb1 Ba2 41. Re1 Bc4 42. Kf2 Rce7 43. Red1 Rc7 44. Re1 Rce7 
45. Rb1 Rc7 46. Rbd1 Ke7 47. R6d4 Kf8 48. Re1 Rce7 49. Rd6 Rc8 50. Red1 Ree8 
51. Bd3 Bb3 52. Re1 Rc7 53. Re2 Kg7 54. Rd2 Ree7 55. Re2 Re8 56. Re4 Rce7 
57. Be2 Kf8 58. Red4 Rc7 59. Rd2 Rcc8 60. g4 hxg4 61. fxg4 Bc4 62. Kg3 Ke7 
63. Bf3 f6 64. h5 gxh5 65. gxh5 Rg8+ 66. Ng6+ Nxg6 67. hxg6 Rxg6+ 68. Kf2 Be6 
69. Rxc6 Rxc6 70. Bxc6 Rg8 71. Bb7 Bc8 72. Bd5 Rh8 73. Rd4 Rh3 74. c4 bxc4 
75. Bxc4 f5 76. b5 axb5 77. Bxb5 Ra3 78. a6 Bxa6 79. Bxa6 Rxa6 80. Ke3 Rh6 
81. Kf3 Rh3+ 82. Kf4 1/2-1/2

[Event "Wednesday Jan 31 Engine Tour 9 Rd Swiss 12m+1s Starts at 1600hrs ST"]
[Site "Infinity Chess"]
[Date "2018.1.31"]
[Round "9"]
[White "Time_bandit"]
[Black "Ninja_Bp"]
[Result "1/2-1/2"]
[ECO "A46"]
[WhiteElo "2486"]
[BlackElo "2472"]
[WhiteEngine "asmfish-popcnt-012018-W"]
[BlackEngine "Houdini 6_CTG"]
[EventType "Swiss"]
[WhiteTeam ""]
[BlackTeam ""]
[PlyCount "121"]
[TimeControl "720+1"]

1. d4 Nf6 2. Nf3 d5 3. e3 c6 4. c4 e6 5. Nc3 Nbd7 6. Qc2 Bd6 7. Bd3 dxc4 
8. Bxc4 b5 9. Be2 O-O 10. O-O Bb7 11. Rd1 Qc7 12. e4 e5 13. dxe5 Nxe5 
14. Nd4 Bc5 15. Bf4 Bxd4 16. Rxd4 Nf3+ 17. Bxf3 Qxf4 18. Rad1 Rfe8 19. b4 h6 
20. a4 a6 21. Qd3 Qe5 22. g3 a5 23. axb5 axb4 24. Rxb4 Rad8 25. Qe3 Rxd1+ 
26. Bxd1 Qe7 27. Rd4 cxb5 28. f3 Bc6 29. Kg2 Nd7 30. Nd5 Qc5 31. Kf2 Ne5 
32. Be2 Nc4 33. Bxc4 bxc4 34. Rd2 Qd6 35. Nf4 Qb4 36. Ne2 Kh7 37. Qc3 Qa4 
38. Kg2 Rb8 39. Qe5 Rb5 40. Qf4 Qa7 41. g4 Qb7 42. Rd8 f6 43. h4 Re5 44. Rd4 Be8 
45. h5 Qb3 46. Qd2 Rg5 47. Qc3 Bxh5 48. Rxc4 Qa2 49. Qc2 Qa3 50. Rc3 Qa1 
51. Rc8 Bf7 52. Rf8 Be6 53. e5+ f5 54. Nf4 Qxe5 55. Nxe6 Qxe6 56. Rxf5 Rxf5 
57. Qxf5+ Qxf5 58. gxf5 Kg8 59. Kg3 Kf7 60. f4 Kf6 61. Kg4 1/2-1/2

[Event "Wednesday Jan 31 Engine Tour 9 Rd Swiss 12m+1s Starts at 1600hrs ST"]
[Site "Infinity Chess"]
[Date "2018.1.31"]
[Round "9"]
[White "Dinkelberger"]
[Black "SkyPilot"]
[Result "1/2-1/2"]
[ECO "B95"]
[WhiteElo "2379"]
[BlackElo "2501"]
[WhiteEngine "stockfish_18013111_x64_modern_CTG"]
[BlackEngine "stockfish_x64_bmi2_2018_01_23_CTG"]
[EventType "Swiss"]
[WhiteTeam ""]
[BlackTeam ""]
[PlyCount "112"]
[TimeControl "720+1"]

1. e4 c5 2. Nf3 d6 3. d4 cxd4 4. Nxd4 Nf6 5. Nc3 a6 6. Bg5 e6 7. Qf3 Be7 
8. O-O-O Qc7 9. a3 Nbd7 10. Kb1 b5 11. g4 Rb8 12. Bc1 Ne5 13. Qg3 Nexg4 
14. f3 Ne5 15. Qxg7 Rg8 16. Qh6 Bd7 17. Be2 Nc4 18. Bxc4 Qxc4 19. Rhe1 a5 
20. Nf5 exf5 21. exf5 Bxf5 22. Qxf6 Be6 23. Qf4 Qxf4 24. Bxf4 Rg2 25. Nd5 Rc8 
26. c3 Bf8 27. Nf6+ Kd8 28. Ne4 Bb3 29. Rd4 Rc6 30. Bxd6 Bxd6 31. Nxd6 Kc7 
32. Nxb5+ Kb6 33. a4 Re6 34. Rd6+ Rxd6 35. Nxd6 Rxh2 36. Nb5 Bxa4 37. Nd4 h5 
38. Re7 h4 39. Rxf7 h3 40. Rh7 Rh1+ 41. Ka2 h2 42. Rh6+ Kc5 43. b3 Be8 
44. Ne6+ Kd6 45. Ng7+ Ke7 46. Nxe8 Kxe8 47. c4 Kf7 48. c5 Kf8 49. Rh7 Ke8 
50. Kb2 Kd8 51. Ka2 Kc8 52. Kb2 Kd8 53. Ka2 Ke8 54. c6 Kd8 55. Kb2 Kc8 
56. c7 Kb7 1/2-1/2

[Event "Wednesday Jan 31 Engine Tour 9 Rd Swiss 12m+1s Starts at 1600hrs ST"]
[Site "Infinity Chess"]
[Date "2018.1.31"]
[Round "9"]
[White "tris77"]
[Black "star99"]
[Result "1/2-1/2"]
[ECO "C65"]
[WhiteElo "2431"]
[BlackElo "2404"]
[WhiteEngine "stockfish_18012814_x64_modern_CTG"]
[BlackEngine "Cryptic Heroes V4.2"]
[EventType "Swiss"]
[WhiteTeam ""]
[BlackTeam ""]
[PlyCount "152"]
[TimeControl "720+1"]

1. e4 e5 2. Nf3 Nc6 3. Bb5 Nf6 4. O-O Nxe4 5. d4 Nd6 6. Bxc6 dxc6 7. dxe5 Nf5 
8. Qxd8+ Kxd8 9. Rd1+ Ke8 10. b3 Be6 11. Ng5 Bc5 12. Bb2 Rd8 13. Rxd8+ Kxd8 
14. Nc3 Bd4 15. g4 Bxc3 16. Bxc3 Ne7 17. Kg2 h6 18. Nxe6+ fxe6 19. Bb4 Nd5 
20. Bd2 c5 21. h4 Ke7 22. h5 Rd8 23. Kf3 c4 24. bxc4 Nb6 25. Bb4+ Kf7 26. c5 Nc4 
27. Bc3 Rd5 28. Rb1 b6 29. cxb6 axb6 30. Re1 b5 31. Re4 Rc5 32. Bb4 Rd5 
33. a4 Nxe5+ 34. Ke2 Nc6 35. a5 Rd8 36. Bc3 Ne7 37. f4 Nd5 38. Bd2 Ra8 
39. c4 Nf6 40. Re5 Nxg4 41. Rxb5 Ke7 42. Bb4+ Kd7 43. Kd3 Nf6 44. Kc2 Kd8 
45. Bc3 Ne8 46. Re5 Kd7 47. Bb4 Nd6 48. Kd3 Nf5 49. Be1 Nd6 50. Re2 Ne8 
51. Rg2 Kc6 52. Bb4 Nf6 53. Rxg7 Nxh5 54. Rf7 Rd8+ 55. Ke4 Ng3+ 56. Ke5 Rb8 
57. Be7 Ra8 58. Kxe6 Rxa5 59. Bd8 Ra7 60. Rg7 Ne2 61. Ke5 Kc5 62. f5 Nd4 
63. Rd7 Nxf5 64. Kxf5 Kxc4 65. Be7 Ra5+ 66. Ke4 c5 67. Ke3 Ra6 68. Kd2 Re6 
69. Ra7 h5 70. Bh4 Rd6+ 71. Kc2 Rd3 72. Ra4+ Kb5 73. Be1 Kxa4 74. Kxd3 Kb3 
75. Bf2 c4+ 76. Kd2 c3+ 1/2-1/2

[Event "Wednesday Jan 31 Engine Tour 9 Rd Swiss 12m+1s Starts at 1600hrs ST"]
[Site "Infinity Chess"]
[Date "2018.1.31"]
[Round "9"]
[White "MCDermont"]
[Black "angriff"]
[Result "1/2-1/2"]
[ECO "B00"]
[WhiteElo "2499"]
[BlackElo "2438"]
[WhiteEngine "BrainFish 060118_CTG"]
[BlackEngine "SF_SL_FA_64BIT_POPCNT_CTG"]
[EventType "Swiss"]
[WhiteTeam ""]
[BlackTeam ""]
[PlyCount "91"]
[TimeControl "720+1"]

1. e4 Nc6 2. Nc3 e5 3. g3 Bc5 4. Na4 d6 5. d3 f5 6. Qh5+ g6 7. Qd1 fxe4 
8. dxe4 Bd4 9. Bg2 a6 10. Nf3 Ba7 11. O-O Be6 12. Nc3 Nf6 13. Qd3 Nd4 
14. Nxd4 Bxd4 15. Nd5 O-O 16. Be3 Bxe3 17. Nxe3 Nh5 18. b4 Rf7 19. c4 Qe7 
20. Rac1 Raf8 21. c5 Bxa2 22. Rfd1 Ng7 23. cxd6 cxd6 24. Qxd6 Qxd6 25. Rxd6 Rxf2 
26. Ng4 Rb2 27. Nxe5 Ne6 28. Nd3 Rd2 29. e5 b6 30. h4 a5 31. bxa5 bxa5 
32. Nc5 Rxd6 33. exd6 Nxc5 34. Rxc5 Kf7 35. Rxa5 Be6 36. Bc6 Rd8 37. Ra7+ Kf6 
38. Rxh7 Rxd6 39. Bf3 Ra6 40. Rc7 Ra1+ 41. Kf2 Ra2+ 42. Ke1 Ra3 43. Kf2 Ra2+ 
44. Ke1 Ra3 45. Ke2 Ra2+ 46. Ke1 1/2-1/2

[Event "Wednesday Jan 31 Engine Tour 9 Rd Swiss 12m+1s Starts at 1600hrs ST"]
[Site "Infinity Chess"]
[Date "2018.1.31"]
[Round "9"]
[White "KhalidOmar"]
[Black "BraveDevil"]
[Result "1-0"]
[ECO "B23"]
[WhiteElo "2453"]
[BlackElo "2402"]
[WhiteEngine "Eman 1.69 64-bit BMI2"]
[BlackEngine "Cryptic Heroes V4.2"]
[EventType "Swiss"]
[WhiteTeam ""]
[BlackTeam ""]
[PlyCount "231"]
[TimeControl "720+1"]

1. e4 c5 2. Nc3 Nc6 3. Nge2 Nf6 4. d4 cxd4 5. Nxd4 d6 6. Bg5 a6 7. f4 e5 
8. Nxc6 bxc6 9. fxe5 dxe5 10. Qxd8+ Kxd8 11. O-O-O+ Ke8 12. Na4 Be6 13. Bd3 a5 
14. Be3 Be7 15. Kb1 h5 16. h3 Nd7 17. b3 f6 18. Rd2 Kf7 19. Rhd1 g6 20. Be2 Rhd8 
21. Nb2 Nf8 22. c3 Rxd2 23. Rxd2 Nd7 24. Bc4 Rd8 25. g4 hxg4 26. hxg4 Nb6 
27. Bxe6+ Kxe6 28. Rh2 Nc8 29. Nc4 Nd6 30. Nxd6 Bxd6 31. a4 Be7 32. Kc2 Rb8 
33. Rh7 g5 34. Rh6 Kd7 35. Rh7 Kd6 36. Ba7 Rb7 37. Bg1 Rb8 38. Be3 Ke6 
39. Rh6 Kd7 40. Rh3 Kc7 41. Bg1 Kd7 42. Rh7 Ke6 43. Be3 Kd6 44. Kb2 Ke6 
45. Rh5 Kd7 46. Bg1 Kd6 47. Rh7 Ke6 48. Kc2 Kd6 49. Ba7 Rb7 50. Bf2 Rb8 
51. Kb2 Ke6 52. Kc2 Kd6 53. Rh6 Ke6 54. Rh3 Kd6 55. Rh7 Ke6 56. Rh1 Kd6 
57. Ba7 Rb7 58. Bf2 Rb8 59. Be3 Kd7 60. Bd2 Ke6 61. Be3 Kd7 62. Rh5 Ke6 
63. Bg1 Kd7 64. Rh3 Ke6 65. Rd3 Bd6 66. Rd2 Bf8 67. Bf2 Bd6 68. Rd3 Be7 
69. Be3 Ra8 70. Rd2 Bd6 71. Kd3 Rh8 72. Kc4 Rh3 73. Bf2 Rh1 74. Re2 Kd7 
75. Bb6 Rh4 76. Rg2 Bc7 77. Bg1 Rh1 78. b4 Bd8 79. b5 Kc7 80. Bc5 Re1 
81. Kd3 Rb1 82. Kc2 Ra1 83. Kb3 Re1 84. Rh2 cxb5 85. axb5 Rxe4 86. c4 Re1 
87. Kc2 Re4 88. Rh7+ Kc8 89. Kd3 Re1 90. b6 Rd1+ 91. Kc2 Rd7 92. Rxd7 Kxd7 
93. b7 Bc7 94. Ba7 a4 95. b8=Q Bxb8 96. Bxb8 e4 97. Ba7 Ke6 98. Kb2 e3 
99. Bxe3 a3+ 100. Kxa3 f5 101. gxf5+ Kxf5 102. Ka4 g4 103. c5 Ke4 104. Bg1 Kd5 
105. Kb5 g3 106. c6 Kd6 107. Kb6 g2 108. c7 Ke5 109. c8=Q Kf4 110. Kc6 Kf3 
111. Qf5+ Ke2 112. Qd5 Ke1 113. Qxg2 Kd1 114. Be3 Ke1 115. Qd2+ Kf1 116. Qf2# 
1-0

[Event "Wednesday Jan 31 Engine Tour 9 Rd Swiss 12m+1s Starts at 1600hrs ST"]
[Site "Infinity Chess"]
[Date "2018.1.31"]
[Round "8"]
[White "ivrdurant"]
[Black "ocirema"]
[Result "1/2-1/2"]
[ECO "C55"]
[WhiteElo "2384"]
[BlackElo "2413"]
[WhiteEngine "Raubfisch X37c_CTG"]
[BlackEngine "stockfish_18013111_x64_modern"]
[EventType "Swiss"]
[WhiteTeam ""]
[BlackTeam ""]
[PlyCount "80"]
[TimeControl "720+1"]

1. e4 e5 2. Nf3 Nc6 3. Bc4 Nf6 4. d3 Bc5 5. O-O a5 6. c3 d6 7. Bg5 Ba7 
8. Nbd2 O-O 9. Bb3 Be6 10. a4 h6 11. Bh4 g5 12. Bg3 Qd7 13. Re1 Kg7 14. Nf1 Rae8 
15. Bc2 Bg4 16. Rc1 Bh5 17. h3 Bg6 18. Ne3 Bb6 19. Nc4 Ba7 20. Bh2 g4 
21. hxg4 Nxg4 22. Bg3 f5 23. exf5 Bxf5 24. d4 exd4 25. Rxe8 Bxc2 26. Rxc2 Rxe8 
27. cxd4 Kh8 28. Re2 Rxe2 29. Qxe2 Nxd4 30. Nxd4 Bxd4 31. Qe4 c5 32. Nxd6 Qxa4 
33. Nf7+ Kg7 34. Qxg4+ Kxf7 35. Qf3+ Kg8 36. Qxb7 Qd1+ 37. Kh2 Qh5+ 38. Kg1 Qd1+ 
39. Kh2 Qh5+ 40. Kg1 Qd1+ 1/2-1/2

[Event "Wednesday Jan 31 Engine Tour 9 Rd Swiss 12m+1s Starts at 1600hrs ST"]
[Site "Infinity Chess"]
[Date "2018.1.31"]
[Round "8"]
[White "Ryzen"]
[Black "Dovahkiin"]
[Result "1/2-1/2 "]
[ECO "D31"]
[WhiteElo "2389"]
[BlackElo "2359"]
[WhiteEngine "Houdini 6"]
[BlackEngine "BrainFish_180128_x64_modern_CTG"]
[EventType "Swiss"]
[WhiteTeam ""]
[BlackTeam ""]
[PlyCount "133"]
[TimeControl "720+1"]

1. d4 d5 2. c4 e6 3. Nc3 c6 4. e4 dxe4 5. Nxe4 Bb4+ 6. Bd2 Qxd4 7. Bxb4 Qxe4+ 
8. Be2 Na6 9. Ba5 b6 10. Qd6 Bd7 11. Bc3 f6 12. Nf3 Nh6 13. Rd1 Rd8 14. Qa3 Bc8 
15. Nd2 Qf4 16. Bh5+ Nf7 17. O-O c5 18. Qa4+ Ke7 19. Rfe1 Rhe8 20. a3 Kf8 
21. b4 cxb4 22. axb4 Bb7 23. Re3 Qg5 24. Bf3 b5 25. Qa5 Bxf3 26. Rxf3 Nb8 
27. cxb5 Rd7 28. h3 Qd5 29. Rb1 Nd6 30. Nb3 Qxb5 31. Qa2 Qd5 32. Qc2 Kg8 
33. Nc5 Rde7 34. Rd1 Qc6 35. Rfd3 Nb5 36. Bd2 Na6 37. Qb3 Nxc5 38. bxc5 Nc7 
39. Bf4 Nd5 40. Bd6 Rb7 41. Qa3 Rb5 42. Qa1 a5 43. Ra3 Ra8 44. Qa2 Kh8 
45. Rd4 h6 46. Kh2 Qb7 47. Rd2 Qd7 48. f4 f5 49. Rg3 Rg8 50. Qa4 Qc6 51. Ra2 Kh7 
52. Rb3 Nb4 53. Ra1 Kh8 54. Raa3 Kh7 55. Rb2 Rd8 56. Re2 Rg8 57. Rd2 Re8 
58. Rg3 Rg8 59. Qa1 Qe4 60. Qb2 Qc4 61. Rb3 Rb7 62. Rc3 Qa6 63. Rg3 Qb5 
64. Qe5 Re8 65. Rb2 Qd7 66. Qc3 Rc8 67. Be5 1/2-1/2

[Event "Wednesday Jan 31 Engine Tour 9 Rd Swiss 12m+1s Starts at 1600hrs ST"]
[Site "Infinity Chess"]
[Date "2018.1.31"]
[Round "8"]
[White "Satria_Ungu"]
[Black "hafaba"]
[Result "1/2-1/2"]
[ECO "A40"]
[WhiteElo "2369"]
[BlackElo "2449"]
[WhiteEngine "Houdini 6_CTG"]
[BlackEngine "SF_SL_FA_64BIT_POPCNT_CTG"]
[EventType "Swiss"]
[WhiteTeam ""]
[BlackTeam ""]
[PlyCount "119"]
[TimeControl "720+1"]

1. d4 c6 2. e4 d5 3. Nc3 dxe4 4. Nxe4 Bf5 5. Ng3 Bg6 6. Nf3 e6 7. h4 h6 
8. Bd3 Bxd3 9. Qxd3 Nf6 10. Bd2 Be7 11. c4 O-O 12. O-O c5 13. d5 Re8 14. Rfd1 b5 
15. Qc2 exd5 16. cxd5 Bf8 17. a4 b4 18. Bf4 Nbd7 19. a5 Qc8 20. b3 Qb7 
21. a6 Qb6 22. Qc4 Rac8 23. Rac1 Rcd8 24. h5 Rc8 25. d6 Rb8 26. Qd3 Qb5 
27. Qf5 Rbd8 28. Nd2 Qxa6 29. Nge4 Re6 30. f3 Qc6 31. Bg3 a5 32. Nxf6+ Rxf6 
33. Qe4 Qxe4 34. Nxe4 Rf5 35. Bh2 Rc8 36. Nd2 Rd5 37. Nc4 Rxd1+ 38. Rxd1 Ra8 
39. Ra1 g6 40. Kf2 Kg7 41. Rxa5 Rxa5 42. Nxa5 Kf6 43. Ke3 Ke6 44. Nc6 gxh5 
45. Nd8+ Kd5 46. Nxf7 h4 47. Kd2 h5 48. Kd3 Nb6 49. Kc2 Bg7 50. Ng5 Nd7 
51. Ne4 Be5 52. Bxe5 Nxe5 53. f4 Nf7 54. Kd3 Nxd6 55. Nxd6 Kxd6 56. Kc4 Ke6 
57. Kxc5 Kf5 58. Kxb4 Kxf4 59. Kc5 Kg3 60. b4 1/2-1/2

[Event "Wednesday Jan 31 Engine Tour 9 Rd Swiss 12m+1s Starts at 1600hrs ST"]
[Site "Infinity Chess"]
[Date "2018.1.31"]
[Round "8"]
[White "Vimtiroba"]
[Black "Cepri"]
[Result "1/2-1/2 "]
[ECO "C55"]
[WhiteElo "2459"]
[BlackElo "2425"]
[WhiteEngine "SF@J30 cc_CTG"]
[BlackEngine "asmFishW_07N17_CTG"]
[EventType "Swiss"]
[WhiteTeam ""]
[BlackTeam ""]
[PlyCount "89"]
[TimeControl "720+1"]

1. e4 e5 2. Nf3 Nc6 3. Bc4 Nf6 4. d3 Bc5 5. O-O d6 6. c3 a5 7. Nbd2 O-O 8. h3 h6 
9. Re1 Be6 10. Bb5 Qb8 11. Nf1 Qa7 12. Re2 a4 13. Ng3 Qa5 14. Bxc6 bxc6 
15. Nh4 Rfe8 16. Re1 d5 17. exd5 Nxd5 18. Nhf5 Qb6 19. Qf3 Nf4 20. d4 Bf8 
21. dxe5 Ng6 22. Qh5 Ra5 23. Nd4 Bc5 24. Qd1 Rd8 25. Bd2 Raa8 26. Be3 Qxb2 
27. Ne4 Bb6 28. Qf3 Nxe5 29. Qg3 Bxd4 30. Bxd4 Ng6 31. Nc5 Bc4 32. a3 Qd2 
33. Re3 Qb2 34. Rae1 Qxa3 35. Qxc7 Kh7 36. h4 Nxh4 37. Qe5 f6 38. Qf4 Ng6 
39. Qc7 Rac8 40. Qb7 Rb8 41. Qa7 Ra8 42. Qb7 Rdb8 43. Qc7 Rc8 44. Qb7 Rcb8 
45. Qxc6 1/2-1/2

[Event "Wednesday Jan 31 Engine Tour 9 Rd Swiss 12m+1s Starts at 1600hrs ST"]
[Site "Infinity Chess"]
[Date "2018.1.31"]
[Round "8"]
[White "CrapCleaner"]
[Black "RonWeasley"]
[Result "1/2-1/2"]
[ECO "C11"]
[WhiteElo "2450"]
[BlackElo "2465"]
[WhiteEngine "Eman 1.68c 64-bit BMI2_CTG"]
[BlackEngine "BrainFish 060118_CTG"]
[EventType "Swiss"]
[WhiteTeam ""]
[BlackTeam ""]
[PlyCount "120"]
[TimeControl "720+1"]

1. e4 e6 2. d4 d5 3. Nc3 Nf6 4. e5 Nfd7 5. f4 c5 6. Nf3 Nc6 7. Be3 cxd4 
8. Nxd4 Qb6 9. Na4 Qa5+ 10. Nc3 Qb6 11. Qd2 Qxb2 12. Rb1 Qa3 13. Bb5 Nxd4 
14. Bxd4 a6 15. Bxd7+ Bxd7 16. Rb3 Qe7 17. Rxb7 Rc8 18. O-O Qd8 19. f5 exf5 
20. Qd3 Bc5 21. Bxc5 Rxc5 22. Nxd5 Bc8 23. Re7+ Kf8 24. Qa3 Qa5 25. Qxa5 Rxa5 
26. Rc7 Be6 27. Nf4 Rxe5 28. Nxe6+ Rxe6 29. Rxf5 Re7 30. Rc8+ Re8 31. Rfc5 Ke7 
32. R8c6 g6 33. a4 Ra8 34. Rc7+ Kf6 35. Rc3 Kg7 36. Rf3 Rhf8 37. c4 Rab8 
38. a5 Rb4 39. Ra3 Rd8 40. Rf3 Rf8 41. c5 Rb5 42. Ra3 Rd8 43. Rf3 Rf8 
44. Kf2 Rxa5 45. Rc3 Kf6 46. Kg3 Ke5 47. Rc2 h6 48. Kh4 Rb5 49. Re7+ Kf6 
50. Rd7 Rb4+ 51. Kg3 Rb3+ 52. Kh4 Kg7 53. c6 Rfb8 54. Rd4 R8b4 55. Rxb4 Rxb4+ 
56. Kg3 Rb8 57. Ra2 Rb6 58. Rc2 Rb8 59. Ra2 Rb6 60. Rc2 Rb8 1/2-1/2

[Event "Wednesday Jan 31 Engine Tour 9 Rd Swiss 12m+1s Starts at 1600hrs ST"]
[Site "Infinity Chess"]
[Date "2018.1.31"]
[Round "8"]
[White "Ninja_Bp"]
[Black "MarioDeMonti"]
[Result "1/2-1/2"]
[ECO "A06"]
[WhiteElo "2472"]
[BlackElo "2468"]
[WhiteEngine "Houdini 6_CTG"]
[BlackEngine "stockfish_x64_bmi2_2018_01_23_CTG"]
[EventType "Swiss"]
[WhiteTeam ""]
[BlackTeam ""]
[PlyCount "142"]
[TimeControl "720+1"]

1. Nf3 d5 2. d4 Nf6 3. c4 e6 4. Nc3 c6 5. e3 Nbd7 6. Qc2 Bd6 7. Bd3 dxc4 
8. Bxc4 O-O 9. O-O b5 10. Be2 Bb7 11. Rd1 Qc7 12. e4 e5 13. g3 Rae8 14. Bf1 b4 
15. Na4 exd4 16. Nxd4 Nxe4 17. Bg2 c5 18. Nb5 Qb8 19. Be3 Ne5 20. Bxe4 Bxe4 
21. Qxe4 Qxb5 22. Rxd6 Nc4 23. Qc6 Nxd6 24. Qxb5 Nxb5 25. Bxc5 Re5 26. Bxf8 Kxf8 
27. Rc1 Ke7 28. Nc5 a5 29. Kf1 Rd5 30. Nb3 Nd6 31. Rc2 h5 32. Ke2 Ke6 33. f4 Kf5 
34. Nd2 Kg4 35. Rc7 g6 36. Rd7 Kf5 37. h3 Ke6 38. Ra7 g5 39. fxg5 Rxg5 
40. Ra6 Re5+ 41. Kf3 Rf5+ 42. Ke3 Re5+ 43. Kf2 Rf5+ 44. Nf3 Kd7 45. g4 hxg4 
46. hxg4 Rd5 47. Ra7+ Kc6 48. Ke3 Kb6 49. Re7 Kb5 50. b3 Kb6 51. Ne5 Rd1 
52. Rd7 Re1+ 53. Kf3 Rxe5 54. Rxd6+ Kb5 55. Rd8 Kc6 56. Rc8+ Kb5 57. Rb8+ Kc6 
58. Rc8+ Kb5 59. Rd8 Re1 60. Rd5+ Kb6 61. Rf5 Rf1+ 62. Ke4 Re1+ 63. Kd3 Rd1+ 
64. Kc2 Ra1 65. Rxf7 Rxa2+ 66. Kd3 Kc5 67. g5 a4 68. bxa4 Rxa4 69. g6 Ra3+ 
70. Kc2 Ra2+ 71. Kb1 Rg2 1/2-1/2

[Event "Wednesday Jan 31 Engine Tour 9 Rd Swiss 12m+1s Starts at 1600hrs ST"]
[Site "Infinity Chess"]
[Date "2018.1.31"]
[Round "8"]
[White "Time_bandit"]
[Black "Eman"]
[Result "1/2-1/2"]
[ECO "D04"]
[WhiteElo "2486"]
[BlackElo "2482"]
[WhiteEngine "asmfish-popcnt-012018-W"]
[BlackEngine "Eman 1.69 64-bit POPCNT"]
[EventType "Swiss"]
[WhiteTeam ""]
[BlackTeam ""]
[PlyCount "84"]
[TimeControl "720+1"]

1. d4 d5 2. Nf3 Nf6 3. e3 c5 4. Nbd2 e6 5. c3 b6 6. Bb5+ Nbd7 7. e4 dxe4 
8. Nxe4 Nxe4 9. Bc6 Rb8 10. Bxe4 Qc7 11. Qe2 Bd6 12. Bg5 O-O 13. O-O h6 
14. Bh4 f5 15. Bc2 Rf7 16. h3 Nf8 17. Rad1 Ng6 18. dxc5 bxc5 19. Rxd6 Nxh4 
20. Rfd1 Nxf3+ 21. Qxf3 Bb7 22. Qh5 Bd5 23. R6xd5 exd5 24. Bxf5 Rf6 25. Rxd5 Qf4 
26. f3 Qc1+ 27. Kh2 Qxb2 28. c4 Qxa2 29. Qg4 Qb2 30. Qg3 a5 31. Rd2 Rxf5 
32. Rxb2 Rxb2 33. Qe1 a4 34. Qe6+ Rf7 35. Qe8+ Rf8 36. Qxa4 Rxf3 37. Qa8+ Rf8 
38. Qd5+ Kh7 39. Qxc5 Rff2 40. Qc6 Rxg2+ 41. Qxg2 Rxg2+ 42. Kxg2 Kg6 1/2-1/2

[Event "Wednesday Jan 31 Engine Tour 9 Rd Swiss 12m+1s Starts at 1600hrs ST"]
[Site "Infinity Chess"]
[Date "2018.1.31"]
[Round "8"]
[White "SkyPilot"]
[Black "tris77"]
[Result "1/2-1/2"]
[ECO "C50"]
[WhiteElo "2504"]
[BlackElo "2428"]
[WhiteEngine "stockfish_x64_bmi2_2018_01_23_CTG"]
[BlackEngine "stockfish_18012814_x64_modern_CTG"]
[EventType "Swiss"]
[WhiteTeam ""]
[BlackTeam ""]
[PlyCount "85"]
[TimeControl "720+1"]

1. e4 e5 2. Nf3 Nc6 3. Bc4 Bc5 4. O-O Nf6 5. d3 d6 6. c3 O-O 7. Bg5 h6 8. Bh4 a6 
9. Nbd2 Ba7 10. Bb3 Be6 11. Re1 g5 12. Bg3 Bxb3 13. Qxb3 Rb8 14. Nf1 Nh5 
15. h3 Qf6 16. Ne3 Kh8 17. Qd1 Qg6 18. Nf5 Ng7 19. Nxg7 Qxg7 20. Rc1 Rbe8 
21. d4 f6 22. b4 h5 23. a4 Rg8 24. b5 Nd8 25. bxa6 bxa6 26. a5 Nc6 27. Qa4 Qd7 
28. h4 Rg7 29. Qc4 exd4 30. hxg5 d3 31. Qxd3 Qg4 32. Qxa6 Qxg3 33. Rc2 Ne5 
34. Nxe5 Rxe5 35. Qxa7 Qxg5 36. f4 Qxf4 37. a6 Qg3 38. Ra1 Ra5 39. Rxa5 Qe1+ 
40. Kh2 Qg3+ 41. Kg1 Qe1+ 42. Kh2 Qg3+ 43. Kg1 1/2-1/2

[Event "Wednesday Jan 31 Engine Tour 9 Rd Swiss 12m+1s Starts at 1600hrs ST"]
[Site "Infinity Chess"]
[Date "2018.1.31"]
[Round "8"]
[White "angriff"]
[Black "star99"]
[Result "1/2-1/2"]
[ECO "E10"]
[WhiteElo "2439"]
[BlackElo "2403"]
[WhiteEngine "SF_SL_FA_64BIT_POPCNT_CTG"]
[BlackEngine "Cryptic Heroes V4.2"]
[EventType "Swiss"]
[WhiteTeam ""]
[BlackTeam ""]
[PlyCount "129"]
[TimeControl "720+1"]

1. d4 Nf6 2. c4 e6 3. Nf3 d5 4. Nc3 c6 5. e3 a6 6. c5 Nbd7 7. Bd3 e5 
8. Nxe5 Nxe5 9. dxe5 Ng4 10. Na4 Nxe5 11. O-O g6 12. Bc2 Qe7 13. b3 Bg7 
14. Bb2 O-O 15. Bd4 Be6 16. Qd2 Nd7 17. Rae1 Rae8 18. f3 Qg5 19. Nc3 Bxd4 
20. Qxd4 f5 21. Rd1 a5 22. a3 Rd8 23. Rde1 Rfe8 24. Na4 Qe7 25. Rd1 Bf7 
26. Rfe1 Qf8 27. b4 axb4 28. axb4 Qg7 29. Kf2 Re7 30. h3 Ra8 31. Ra1 Rae8 
32. Rad1 Nf6 33. Nb6 Re5 34. Kf1 Nh5 35. f4 R5e7 36. Qxg7+ Kxg7 37. Kf2 Nf6 
38. Ra1 h5 39. g3 Rh8 40. Ra7 Rhe8 41. Raa1 Bg8 42. Ra8 Rxa8 43. Nxa8 Ne4+ 
44. Bxe4 Rxe4 45. Ra1 d4 46. exd4 Rxd4 47. Ra7 Rxb4 48. Nb6 h4 49. Rxb7+ Kh6 
50. gxh4 Rxf4+ 51. Kg3 Re4 52. Rc7 Re3+ 53. Kg2 Bb3 54. Rxc6 Rc3 55. Rc8 g5 
56. Rh8+ Kg6 57. h5+ Kg7 58. Rd8 Rxc5 59. Rd6 Rc2+ 60. Kf3 Kh7 61. Nd5 Bxd5+ 
62. Rxd5 Kh6 63. Rxf5 Kxh5 64. Rf8 Kh6 65. Kg4 1/2-1/2

[Event "Wednesday Jan 31 Engine Tour 9 Rd Swiss 12m+1s Starts at 1600hrs ST"]
[Site "Infinity Chess"]
[Date "2018.1.31"]
[Round "8"]
[White "KhalidOmar"]
[Black "MCDermont"]
[Result "1/2-1/2"]
[ECO "C12"]
[WhiteElo "2451"]
[BlackElo "2501"]
[WhiteEngine "Eman 1.69 64-bit BMI2"]
[BlackEngine "BrainFish 060118_CTG"]
[EventType "Swiss"]
[WhiteTeam ""]
[BlackTeam ""]
[PlyCount "111"]
[TimeControl "720+1"]

1. e4 e6 2. d4 d5 3. Nc3 Nf6 4. Bg5 Bb4 5. e5 h6 6. exf6 hxg5 7. fxg7 Rg8 
8. a3 Be7 9. Qg4 Bf6 10. Nf3 Rxg7 11. h4 gxh4 12. Qf4 a6 13. O-O-O b6 14. g3 Bb7 
15. gxh4 Nd7 16. h5 Bg5 17. Nxg5 Qxg5 18. Qxg5 Rxg5 19. f4 Rg4 20. f5 Ke7 
21. fxe6 fxe6 22. Be2 Rg5 23. Rhg1 Rxg1 24. Rxg1 Rh8 25. b4 c5 26. Rg7+ Kd6 
27. Na4 cxd4 28. Nxb6 Bc6 29. Nxd7 Bxd7 30. Bxa6 Rxh5 31. b5 Rh8 32. a4 Rb8 
33. Kd2 e5 34. c3 dxc3+ 35. Kxc3 Rh8 36. a5 Rh3+ 37. Kb2 Rh2+ 38. Kc1 Rh1+ 
39. Kb2 Rh2+ 40. Ka1 Rh1+ 41. Ka2 d4 42. Bb7 Rh2+ 43. Ka3 Bxb5 44. a6 Rh3+ 
45. Kb4 Bxa6 46. Bxa6 Rh2 47. Rg5 Kd5 48. Bc4+ Kd6 49. Ka5 Rh6 50. Rg8 Rh2 
51. Rd8+ Kc7 52. Rd5 d3 53. Bxd3 Rd2 54. Kb5 Rd1 55. Kc4 e4 56. Rc5+ 1/2-1/2

[Event "Wednesday Jan 31 Engine Tour 9 Rd Swiss 12m+1s Starts at 1600hrs ST"]
[Site "Infinity Chess"]
[Date "2018.1.31"]
[Round "7"]
[White "Satria_Ungu"]
[Black "ocirema"]
[Result "1/2-1/2"]
[ECO "A05"]
[WhiteElo "2367"]
[BlackElo "2415"]
[WhiteEngine "Houdini 6_CTG"]
[BlackEngine "stockfish_18013111_x64_modern"]
[EventType "Swiss"]
[WhiteTeam ""]
[BlackTeam ""]
[PlyCount "123"]
[TimeControl "720+1"]

1. Nf3 Nf6 2. c4 e6 3. e3 b6 4. d4 Bb7 5. Bd3 d5 6. O-O dxc4 7. Bxc4 Nbd7 
8. b3 Bd6 9. Nbd2 O-O 10. Re1 Be7 11. e4 c5 12. e5 Nd5 13. Ne4 cxd4 14. Qxd4 Nb4 
15. Qd2 a5 16. a3 Nd5 17. Bb2 Nc5 18. Nd4 Nxe4 19. Rxe4 Bg5 20. Qe1 Nf4 
21. h4 Bh6 22. g3 b5 23. Bf1 Qd5 24. f3 Ng6 25. Kh2 Rfd8 26. Re2 Ne7 27. Bg2 g6 
28. a4 b4 29. f4 Qd7 30. Rd1 Bf8 31. Qf2 Rac8 32. Red2 Bxg2 33. Qxg2 Qa7 
34. Qe2 Qa8 35. h5 Rc5 36. Nf3 Rxd2 37. Rxd2 Bh6 38. hxg6 hxg6 39. Nd4 Bf8 
40. Nf3 Bh6 41. Nd4 Rd5 42. Rc2 Qd8 43. Nf3 Nf5 44. Rd2 Qa8 45. Nd4 Qd8 
46. Nf3 Qa8 47. Nd4 Bf8 48. Nxf5 gxf5 49. Bd4 Kg7 50. g4 Qd8 51. gxf5 Qh4+ 
52. Kg2 Qxf4 53. f6+ Kh7 54. Qh5+ Kg8 55. Rf2 Qxd4 56. Qg5+ Kh7 57. Qh5+ Bh6 
58. Qxf7+ Kh8 59. Qe8+ Kh7 60. Qf7+ Kh8 61. Qe8+ Kh7 62. Qf7+ 1/2-1/2